 Dungeon Crawl Stone Soup version 0.19-a0-1182-g094b998 (webtiles) character file.

111 zxpr0jk the Chiller (level 4, 0/33 HPs)
             Began as a Draconian Ice Elementalist on Aug 18, 2016.
             Slain by an orc priest (4 damage)
             ... on level 3 of the Dungeon.
             The game lasted 00:07:05 (1792 turns).

zxpr0jk the Chiller (Draconian Ice Elementalist)    Turns: 1792, Time: 00:07:06

Health: 0/33       AC:  5    Str: 10    XL:     4   Next: 62%
Magic:  0/8        EV: 12    Int: 16    God:
Gold:   63         SH:  0    Dex: 12    Spells: 3 memorised, 1 level left

rFire  . . .     SeeInvis .     g - +0 dagger
rCold  . . .     Gourm    .     (armour unavailable)
rNeg   . . .     Faith    .     (no shield)
rPois  .         Spirit   .     (helmet restricted)
rElec  .         Dismiss  .     (no cloak)
rCorr  .         Reflect  .     (no gloves)
MR     .....     Harm     .     (no boots)
Stlth  ++........               (no amulet)
                                (no ring)
                                (no ring)

@: no status effects
A: unfitting armour, cold-blooded, AC +5
a: no special abilities


You were on level 3 of the Dungeon.
You were not hungry.

You visited 1 branch of the dungeon, and saw 3 of its levels.

You collected 63 gold pieces.

Inventory:

Hand Weapons
 g - a +0 dagger (weapon)
Missiles
 i - 118 stones (quivered)
 o - 22 sling bullets
Scrolls
 h - 2 scrolls of identify {unknown}
 l - a scroll of enchant armour {unknown}
 n - a scroll of immolation {unknown}
Potions
 e - a potion of haste {unknown}
 j - a potion of mutation {unknown}
 k - a potion of brilliance {unknown}
 m - a potion of flight {unknown}
Books
 a - a book of Frost

   Spells                             Type                      Level
   a - Freeze                         Ice                          1
   b - Throw Frost                    Conjuration/Ice              2
   c - Ozocubu's Armour               Charms/Ice                   3
   d - Throw Icicle                   Conjuration/Ice              4
   e - Summon Ice Beast               Ice/Summoning                4
Comestibles
 b - 2 bread rations
 c - 2 chunks of flesh
 f - a meat ration


   Skills:
 - Level 1.7 Dodging
 - Level 1.7 Stealth
 + Level 3.1 Spellcasting
   Level 1.0 Conjurations
 * Level 4.6 Ice Magic


You had one spell level left.
You knew the following spells:

 Your Spells              Type           Power        Failure   Level  Hunger
a - Freeze                Ice            ###.         3%          1    None
b - Ozocubu's Armour      Chrm/Ice       ##......     21%         3    ###....
c - Summon Ice Beast      Ice/Summ       ##......     75%         4    ####...


Dungeon Overview and Level Annotations

Branches:
Dungeon (3/15)

Altars:


Innate Abilities, Weirdness & Mutations

Your plain brown scales are hard. (AC +5)
Your body does not fit into most forms of armour.
You are cold-blooded and may be slowed by cold attacks.


Message History

a club; a short sword
Casting: Freeze
Confirm with . or Enter, or press ? or * to list all spells.
Aiming: Freeze
Press: ? - help, Shift-Dir - straight line, f - orc priest
Aim: an orc priest, wearing a ring mail You freeze the orc priest.
The orc priest is lightly wounded.
The orc priest hits you.
* * * LOW HITPOINT WARNING * * *
Your magical contamination has completely faded away.
Casting: Freeze
Confirm with . or Enter, or press ? or * to list all spells.
Aiming: Freeze
Press: ? - help, Shift-Dir - straight line, f/p - orc priest
Aim: an orc priest, wearing a ring mail (lightly wounded)
You freeze the orc priest.
The orc priest is heavily wounded.
The orc priest hits you.
You die...

#. ...#.# #.
o..o.. #.###...#
# #.......#.#
##.o#...#.#.
#<..........
########.##..#.##
#.....##..#..#.##
#.....@o.(.......
#.....###÷#.##.#
#.....###.#.# #
#...........#
#......#....#
#.....#_#...#
###'#..#.†..#
#.#.......#
#.#####...#


You could see an orc priest.

Vanquished Creatures
  An orc priest (D:3)
  3 adders (D:2)
  A dart slug (D:1)
  A giant gecko (D:1)
  2 orcs (D:3)
  3 bats
  2 giant cockroaches
  9 goblins
  3 hobgoblins
  7 jackals (D:2)
  6 kobolds
  2 ball pythons
  A giant newt (D:1)
  5 rats
46 creatures vanquished.

Notes
Turn   | Place    | Note
-------+----------+-------------------------------------------
     0 | D:1      | zxpr0jk the Draconian Ice Elementalist began the quest for the Orb.
     0 | D:1      | Reached XP level 1. HP: 14/14 MP: 3/3
   132 | D:1      | Reached XP level 2. HP: 17/20 MP: 0/5
   879 | D:2      | Reached XP level 3. HP: 20/26 MP: 5/7
   913 | D:2      | Learned a level 3 spell: Ozocubu's Armour
  1322 | D:2      | Reached skill level 4 in Ice Magic
  1334 | D:2      | Reached XP level 4. HP: 21/33 MP: 0/8
  1573 | D:2      | Learned a level 4 spell: Summon Ice Beast
  1660 | D:3      | Found a faded altar of an unknown god.
  1792 | D:3      | Slain by an orc priest

Vault maps used:
D:1:      minmay_arrival_arboretum_large, hangedman_abyss_or_decor_stabs
D:2:      first_bread
D:3:      ecumenical_altar_1

Skill      XL: |  1  2  3 |
---------------+----------+-----
Ice Magic      | 4 |  4.6
Spellcasting   | 3 |  3.1
Dodging        | |  1.7
Stealth        | |  1.7
Conjurations   | |  1.0

Action                   |  1- 3 |  4- 6 || total
-------------------------+-------+-------++-------
Melee: Unarmed           |    15 |       ||    15
       Dagger            |    48 |    30 ||    78
       Tailslap          |     3 |     7 ||    10
Throw: Tomahawk          |    20 |     2 ||    22
       Stone             |    17 |     3 ||    20
 Cast: Freeze            |    41 |    10 ||    51
       Ozocubu's Armour  |     2 |       ||     2
 Stab: Sleeping          |     1 |       ||     1
  Eat: Chunk             |     1 |       ||     1
       Meat ration       |       |     1 ||     1
Armor: Skin              |    33 |    11 ||    44
Dodge: Dodged            |    50 |    27 ||    77
